 Dungeon Crawl Stone Soup version 0.31-a0-765-g67fe2935dc (webtiles) character file.

Game seed: 13660468056834152790

53102 JamesMyth the Severer (level 14, 0/115 HPs)
             Began as a Demonspawn Berserker on Sept 15, 2023.
             Was a High Priest of Trog.
             Collided with a stone wall (19 damage)
             ... caused by a wretched star
             ... on level 2 of the Abyss.
             The game lasted 00:35:24 (13092 turns).

JamesMyth the Severer (Demonspawn Berserker)       Turns: 13092, Time: 00:35:26

Health: 0/115      AC: 31    Str: 19      XL:     14   Next: 29%
Magic:  5/5        EV: 13    Int:  9      God:    Trog [*****.]
Gold:   1491       SH:  5    Dex: 15 (16) Spells: 13/13 levels left

rFire   + . .        D - +2 executioner's axe
rCold   x . .        (shield currently unavailable)
rNeg    + . .        J - +5 scale mail of Optimism {rF+ rN+ MP-9}
rPois   +            X - +2 hat {Stlth+}
rElec   .            H - +2 cloak {rPois}
rCorr   .            I - +2 pair of gloves of New Discoveries {rPois}
SInv    +            t - +1 pair of boots {Stlth+}
Will    +....        M - amulet of reflection
Stlth   ++++         o - +6 ring of dexterity
HPRegen 0.39/turn    x - ring of see invisible
MPRegen 0.09/turn

%: reflection
@: sanguine armoured
A: powered by death 2, spiny 2, sanguine armour 2, demonic touch 2, antennae 1,
clumsy 1, cold vulnerability 1, MP-powered wands, [deformed body], deterioration
1[+1], weak 1[+1], subdued magic 1[+2], [inability to read after injury 2]
a: Renounce Religion, Berserk, Trog's Hand, Brothers in Arms


You were on level 2 of the Abyss.
You worshipped Trog.
Trog was extremely pleased with you.
You visited 4 branches of the dungeon, and saw 16 of its levels.
You visited the Abyss 1 time.
You also visited: Volcano.

You collected 1491 gold pieces.

Inventory:

Hand Weapons
 a - a +0 hand axe
 D - a +2 executioner's axe (weapon)
 F - a +4 hand axe of electrocution
Armour
 t - a +1 pair of boots of stealth (worn)
 H - a +2 cloak of poison resistance (worn)
 I - the +2 pair of gloves of New Discoveries (worn) {rPois}
   (You found it on level 7 of the Dungeon)

   rPois:     It protects you from poison
 J - the +5 scale mail of Optimism (worn) {rF+ rN+ MP-9}
   (You found it on level 7 of the Dungeon)

   rF+:       It protects you from fire.
   rN+:       It protects you from negative energy.
   MP-9:      It affects your magic capacity (-9).
 X - a +2 hat of stealth (worn)
Jewellery
 o - a +6 ring of dexterity (left hand)
 x - a ring of see invisible (right hand)
 M - an amulet of reflection (around neck)
Talismans
 r - a beast talisman
 s - a maw talisman
 U - a maw talisman
Wands
 u - a wand of iceblast (24)
 E - a wand of paralysis (5)
 N - a wand of flame (36)
 Q - a wand of acid (3)
 R - a wand of polymorph (6)
Scrolls
 b - a scroll of immolation {unknown}
 c - a scroll of noise {unknown}
 d - 2 scrolls of revelation
 e - a scroll of enchant armour {unknown}
 f - 2 scrolls of torment {unknown}
 h - a scroll of fear {unknown}
 l - 5 scrolls of teleportation
 n - 5 scrolls of amnesia {unknown}
 y - 5 scrolls of identify {unknown}
 z - 4 scrolls of butterflies {unknown}
 C - 2 scrolls of enchant weapon {unknown}
 G - a scroll of silence {unknown}
 K - a scroll of blinking
 T - 2 scrolls of poison {unknown}
 V - a scroll of fog {unknown}
 Y - a scroll of brand weapon {unknown}
Potions
 g - 2 potions of enlightenment {unknown}
 i - 9 potions of curing
 k - 7 potions of haste {unknown}
 m - 2 potions of resistance {unknown}
 p - 2 potions of attraction {unknown}
 v - 2 potions of heal wounds
 w - 3 potions of ambrosia {unknown}
 A - a potion of might {unknown}
 B - 4 potions of invisibility {unknown}
 P - 3 potions of mutation
 S - 2 potions of brilliance {unknown}
 Z - a potion of degeneration {unknown}
Miscellaneous
 j - a tin of tremorstones (2/2)
 q - a phantom mirror
 L - a box of beasts
 O - a lightning rod (4/4)
 W - a phial of floods


   Skills:
 + Level 12.1 Fighting
 + Level 15.3 Axes
 + Level 10.6 Armour
 + Level 7.6 Dodging
 + Level 6.1 Stealth
 + Level 2.9 Shields


You had 13 spell levels left.
You didn't know any spells.
Your spell library was empty.

Dungeon Overview and Level Annotations

Branches:
Dungeon (12/15)            Temple (0/1) D:5            Lair (1/5) D:8
    Orc (2/2) D:12            Elf (1/3) Orc:2       Volcano (visited)

Altars:
Hepliaklqana
Kikubaaqudgha
Sif Muna
Trog
Xom
Yredelemnul

Shops:
D:5 ?   Orc:2 :([[

Portals:
Trove: D:12 (give +6 fire dragon scales)

Annotations:
Elf:1 Louise


Innate Abilities, Weirdness & Mutations

You regenerate health from kills.
You are mostly covered in sharp spines.
When seriously injured, your blood forms thick armour. (AC +9)
Your touch may inflict irresistible damage on your foes.
You have a pair of small antennae on your head.
You are clumsy. (Dex -2)
You are vulnerable to cold. (rC-)
You expend magic power (3 MP) to strengthen your wands.
[Armour fits poorly on your strangely shaped body.]
[Your body often deteriorates upon taking damage.]
[You are very weak. (Str -4)]
[Your spells are much easier to cast, but much less powerful.]
[You sometimes lose the ability to read scrolls when taking damage.]


Message History

The blink frog hits you but does no damage.
The blink frog blinks!
You closely miss the blink frog.
The blink frog is lightly wounded.
The blink frog hits you but does no damage.
The blink frog is struck by your spines.
The blink frog closely misses you.
You barely miss the blink frog.
The blink frog is moderately wounded.
The blink frog is struck by your spines.
The blink frog hits you but does no damage.
You block the blink frog's attack.
You slash the blink frog!
The blink frog is almost dead.
The blink frog barely misses you.
You hit the blink frog.
The blink frog is almost dead.
You block the blink frog's attack.
The blink frog is struck by your spines.
You kill the blink frog!
Trog accepts your kill.
You see here a blink frog corpse.
The wretched star pulses with an eldritch light!
Your body twists and deforms.
You open the door.
The wretched star glows turbulently.
The lance of force hits you!!
You are knocked back by the lance of force.
The wretched star pulses with an eldritch light!
You occasionally lose the ability to read scrolls when taking damage.
You lose the ability to read scrolls when taking damage more often.
Your connection to magic feels more subdued.
Your connection to magic feels nearly dormant.
You open the door.
The wretched star glows turbulently.
The lance of force hits you!!
* * * LOW HITPOINT WARNING * * *
You are knocked back by the lance of force.
You slam into the stone wall!
You die...

#... .⌠. ..
####'##
......## #
##.....## .#
#..##...#.#
+...#..@'.#
#.......#⌠#
##.....## #
##.*.##
###'###
#..x..# .
##...#### .
#
#..x##..#.#.
# .# #...#
#.# #


You could see a wretched star and a small abomination.

Vanquished Creatures
  Gastronok (D:12)
  Erica (D:11)
  A catoblepas (D:12)
  3 centaur warriors (D:11)
  4 ogre magi (Orc:2)
  14 two-headed ogres
  A tengu warrior (D:11)
  A boulder beetle (D:11)
  2 orc high priests
  A wretched star (Abyss:2)
  Lodul (D:12)
  A large abomination (Abyss:2)
  An orc knight (D:11)
  3 deep elf pyromancers
  4 deep elf zephyrmancers (Elf:1)
  An ugly thing (D:11)
  2 cyclopes
  6 orc sorcerers
  2 manticores
  3 cane toads (Lair:1)
  4 gargoyles
  A guardian serpent (Abyss:2)
  A molten gargoyle (Volcano)
  Maggie (Lair:1)
  4 komodo dragons
  5 trolls
  A harpy zombie (Abyss:2)
  A polar bear (Lair:1)
  A tyrant leech (shapeshifter) (Abyss:2)
  5 blink frogs (Abyss:2)
  2 slime creatures (D:12)
  Sigmund (D:4)
  A vampire (D:12)
  26 yaks
  2 shadows (D:11)
  A fire elemental (Volcano)
  A wraith (D:12)
  2 wyverns
  3 neqoxecs (Abyss:2)
  2 vampire mosquitoes
  2 basilisks
  4 wargs
  2 steam dragons (D:7)
  An acid dragon (D:12)
  11 water moccasins
  3 sky beasts
  2 ice beasts
  14 orc warriors
  36 ogres
  7 centaurs
  3 phantoms
  5 kobold brigands
  9 bullfrogs
  5 scorpions
  A small abomination (Abyss:2)
  A wight (D:7)
  11 killer bees
  11 howler monkeys
  5 hounds
  Crazy Yiuf (D:7)
  2 gnoll boudas
  14 orc priests
  A jelly (D:7)
  3 starcursed masses (Abyss:2)
  3 iguanas
  3 sleepcaps
  18 orc wizards
  Robin (D:4)
  11 gnolls
  6 adders
  3 white imps
  2 ufetubi
  A worm (D:4)
  30 orcs
  3 endoplasms
  2 giant cockroaches (D:2)
  13 goblins
  4 hobgoblins
  7 jackals
  16 kobolds
  2 quokkas
  3 ball pythons
  2 bats (D:1)
  3 rats
405 creatures vanquished.

Vanquished Creatures (collateral kills)
  2 two-headed ogres (D:7)
  An orc knight (Orc:1)
  A troll (Orc:1)
  A vampire (D:7)
  A warg (Orc:1)
  A howler monkey (D:7)
  An orc priest (Orc:1)
  An orc wizard (Orc:1)
  2 orcs (Orc:1)
11 creatures vanquished.

Grand Total: 416 creatures vanquished

Notes
Turn   | Place    | Note
-------+----------+-------------------------------------------
     0 | D:1      | JamesMyth the Demonspawn Berserker began the quest for the
                  | Orb.
     0 | D:1      | Reached XP level 1. HP: 18/18 MP: 1/1
    97 | D:1      | Gained mutation: When seriously injured, your blood forms
                  | armour. (AC +9) [demonic ancestry]
    97 | D:1      | Reached XP level 2. HP: 24/24 MP: 2/2
   114 | D:1      | Reached skill level 3 in Axes
   960 | D:2      | Gained mutation: You are partially covered in sharp spines.
                  | [demonic ancestry]
   960 | D:2      | Reached XP level 3. HP: 28/29 MP: 3/3
  1160 | D:2      | Found a faded altar of an unknown god.
  1630 | D:3      | Found a bloodstained altar of Trog.
  2235 | D:4      | Noticed Sigmund
  2243 | D:4      | Killed Sigmund
  2244 | D:4      | Reached skill level 4 in Axes
  2244 | D:4      | Reached XP level 4. HP: 37/37 MP: 4/4
  2244 | D:4      | Reached XP level 5. HP: 42/42 MP: 5/5
  2262 | D:4      | Reached ** piety under Trog
  2269 | D:4      | Noticed Robin
  2285 | D:4      | Reached XP level 6. HP: 41/48 MP: 6/6
  2294 | D:4      | Killed Robin
  2463 | D:4      | Identified the +3 leather armour "Vaharid" {rElec rPois rF-
                  | MP+9}
  2560 | D:4      | Reached skill level 5 in Axes
  2862 | D:5      | Entered Level 5 of the Dungeon
  2951 | D:5      | Noticed a water moccasin
  2960 | D:5      | Killed a water moccasin
  2961 | D:5      | Reached XP level 7. HP: 43/55 MP: 7/7
  3233 | D:5      | Found a staircase to the Ecumenical Temple.
  3362 | D:5      | Found Wihuphac's Magic Scroll Shoppe.
  3410 | D:5      | Reached skill level 6 in Axes
  3925 | D:6      | Reached XP level 8. HP: 61/61 MP: 8/8
  3945 | D:6      | Reached skill level 5 in Fighting
  3945 | D:6      | Reached skill level 5 in Armour
  4018 | D:6      | Reached *** piety under Trog
  4019 | D:6      | Reached skill level 1 in Stealth
  4251 | D:6      | Found a hazy altar of Hepliaklqana.
  4443 | D:7      | Reached skill level 7 in Axes
  4723 | D:7      | Gained mutation: Your touch may inflict minor irresistible
                  | damage on your foes. [demonic ancestry]
  4723 | D:7      | Reached XP level 9. HP: 58/69 MP: 9/9
  4728 | D:7      | Identified the +4 scale mail "Wous" {rF+ MP+9}
  4834 | D:7      | Reached skill level 8 in Axes
  4980 | D:7      | Found a runed translucent door.
  4980 | D:7      | Noticed a troll
  4981 | D:7      | Noticed a troll
  4981 | D:7      | Noticed a deep elf pyromancer
  4981 | D:7      | Noticed a gargoyle
  4982 | D:7      | Found a runed translucent door.
  4982 | D:7      | Found a runed translucent door.
  4982 | D:7      | Noticed a manticore
  5074 | D:7      | Identified the +0 leather armour of the Twenty Portals
                  | {Harm rN+ Will-}
  5213 | D:7      | Reached **** piety under Trog
  5260 | D:7      | Found a runed translucent door.
  5261 | D:7      | Noticed Crazy Yiuf
  5267 | D:7      | Killed Crazy Yiuf
  5512 | D:7      | Killed a troll
  5516 | D:7      | Killed a deep elf pyromancer
  5517 | D:7      | Reached skill level 9 in Axes
  5522 | D:7      | Killed a gargoyle
  5523 | D:7      | Gained mutation: You regenerate a little health from kills.
                  | [demonic ancestry]
  5523 | D:7      | Reached XP level 10. HP: 66/79 MP: 10/10
  5527 | D:7      | Noticed a two-headed ogre
  5857 | D:7      | Killed a manticore
  5933 | D:7      | Gained mutation: You are clumsy. (Dex -2) [potion of
                  | mutation]
  5933 | D:7      | Gained mutation: [You are weak. (Str -2)] [potion of
                  | mutation]
  5933 | D:7      | Gained mutation: You are strong-willed. (Will+) [potion of
                  | mutation]
  5934 | D:7      | Lost mutation: You are strong-willed. (Will+) [potion of
                  | mutation]
  5934 | D:7      | Lost mutation: [You are weak. (Str -2)] [potion of
                  | mutation]
  5934 | D:7      | Lost mutation: You are clumsy. (Dex -2) [potion of
                  | mutation]
  5934 | D:7      | Gained mutation: You are frail. (-10% HP) [potion of
                  | mutation]
  5934 | D:7      | Gained mutation: You have a pair of small antennae on your
                  | head. [potion of mutation]
  5934 | D:7      | Gained mutation: [Your spells are a little easier to cast,
                  | but a little less powerful.] [potion of mutation]
  5934 | D:7      | Gained mutation: You expend magic power (3 MP) to
                  | strengthen your wands. [potion of mutation]
  5964 | D:7      | Noticed a two-headed ogre
  5994 | D:7      | Killed a two-headed ogre
  5995 | D:7      | Reached skill level 10 in Axes
  5997 | D:7      | Killed a two-headed ogre
  6019 | D:7      | Identified the +2 pair of gloves of New Discoveries {rPois}
  6026 | D:7      | Identified the +5 scale mail of Optimism {rF+ rN+ MP-9}
  6395 | D:8      | Reached skill level 5 in Dodging
  6446 | D:8      | Found a staircase to the Lair.
  6460 | Lair:1   | Entered Level 1 of the Lair of Beasts
  6462 | Lair:1   | Noticed Maggie
  6476 | Lair:1   | Gained mutation: When seriously injured, your blood forms
                  | thick armour. (AC +9) [demonic ancestry]
  6476 | Lair:1   | Reached XP level 11. HP: 77/77 MP: 2/11
  6483 | Lair:1   | Killed Maggie
  6558 | Lair:1   | Reached skill level 11 in Axes
  8080 | D:9      | Found an ancient bone altar of Kikubaaqudgha.
  8104 | D:9      | Reached skill level 12 in Axes
  8426 | D:9      | Found a shimmering altar of Xom.
  8428 | D:9      | Found a basalt altar of Yredelemnul.
  8491 | D:9      | Found a shimmering blue altar of Sif Muna.
  8625 | D:10     | Entered Level 10 of the Dungeon
  8728 | D:10     | Reached ***** piety under Trog
  8909 | D:10     | Gained mutation: Your touch may inflict irresistible damage
                  | on your foes. [demonic ancestry]
  8909 | D:10     | Reached XP level 12. HP: 65/85 MP: 3/12
  9235 | D:11     | Noticed a two-headed ogre
  9246 | D:11     | Noticed a tengu warrior
  9248 | D:11     | Killed a two-headed ogre
  9253 | D:11     | Killed a tengu warrior
  9256 | D:11     | Noticed a centaur warrior
  9258 | D:11     | Noticed a two-headed ogre
  9260 | D:11     | Noticed a centaur warrior
  9266 | D:11     | Killed a two-headed ogre
  9272 | D:11     | Killed a centaur warrior
  9282 | D:11     | Killed a centaur warrior
  9584 | D:11     | Reached skill level 10 in Fighting
  9585 | D:11     | Reached skill level 13 in Axes
  9639 | D:11     | Noticed Erica
  9642 | D:11     | Noticed a two-headed ogre
  9655 | D:11     | Killed Erica
  9655 | D:11     | Killed a two-headed ogre
  9957 | D:11     | Noticed a boulder beetle
  9977 | D:11     | Killed a boulder beetle
 10266 | D:11     | Noticed a centaur warrior
 10275 | D:11     | Killed a centaur warrior
 10294 | D:12     | Noticed Gastronok
 10294 | D:12     | Found a portal to a secret trove of treasure.
 10312 | D:12     | Killed Gastronok
 10313 | D:12     | Reached skill level 5 in Stealth
 10330 | D:12     | Noticed a two-headed ogre
 10338 | D:12     | Killed a two-headed ogre
 10407 | D:12     | Noticed Lodul
 10416 | D:12     | Noticed a catoblepas
 10772 | D:12     | Killed Lodul
 10773 | D:12     | Gained mutation: You regenerate health from kills. [demonic
                  | ancestry]
 10773 | D:12     | Reached XP level 13. HP: 93/93 MP: 4/13
 10848 | D:12     | Reached skill level 10 in Armour
 11189 | D:12     | Found a staircase to the Orcish Mines.
 11220 | Orc:1    | Entered Level 1 of the Orcish Mines
 11280 | Orc:1    | Received a gift from Trog
 11333 | Orc:1    | Found a dark tunnel.
 11431 | Orc:1    | Paralysed by an orc sorcerer for 2 turns
 11581 | Orc:1    | Found Mymn's Distillery.
 11708 | Volcano  | Entered a volcano
 11977 | Orc:2    | Entered Level 2 of the Orcish Mines
 12018 | Orc:2    | Reached skill level 14 in Axes
 12018 | Orc:2    | Reached skill level 1 in Shields
 12076 | Orc:2    | Received a gift from Trog
 12195 | Orc:2    | Found a staircase to the Elven Halls.
 12458 | Orc:2    | Found Sidiuz's Book Shoppe.
 12458 | Orc:2    | Found Nezxut's Armour Boutique.
 12458 | Orc:2    | Found Celolo's Antique Weapon Boutique.
 12458 | Orc:2    | Found Nueff's Antique Armour Emporium.
 12722 | Elf:1    | Entered Level 1 of the Elven Halls
 12730 | Elf:1    | Paralysed by an orc sorcerer for 3 turns
 12741 | Elf:1    | Gained mutation: You are mostly covered in sharp spines.
                  | [demonic ancestry]
 12741 | Elf:1    | Reached XP level 14. HP: 102/102 MP: 5/14
 12784 | Elf:1    | Reached skill level 15 in Axes
 12799 | Elf:1    | Noticed Louise
 12812 | Abyss:2  | Cast into level 2 of the Abyss (Louise)
 12867 | Abyss:2  | Paralysed by accursed screaming for 1 turns
 12907 | Abyss:2  | an ice dragon changed into a ghost moth
 12907 | Abyss:2  | Noticed a ghost moth (glowing shapeshifter)
 12908 | Abyss:2  | a ghost moth changed into a four-headed hydra
 12924 | Abyss:2  | Gained mutation: [You are weak. (Str -2)] [a neqoxec]
 12950 | Abyss:2  | Gained mutation: You are clumsy. (Dex -2) [a neqoxec]
 12951 | Abyss:2  | Gained mutation: You are vulnerable to cold. (rC-) [a
                  | neqoxec]
 12951 | Abyss:2  | Gained mutation: [Your body sometimes deteriorates upon
                  | taking damage.] [a neqoxec]
 12952 | Abyss:2  | Lost mutation: You are frail. (-10% HP) [a neqoxec]
 12959 | Abyss:2  | Received a gift from Trog
 13092 | Abyss:2  | Collided with a stone wall

Illustrated notes

Levels and vault maps discovered:
D:1:      denvon_arrival_planthouse, layout_rooms, kennysheep_small_spiral
D:2:      layout_basic, shapermc_ecumenical_altar_mp_highgroup,
          kennysheep_generic_room_11
D:3:      layout_basic, mainiacjoe_overflow_alcove_4, wad_orctagon
D:4:      layout_cave_pools, uniq_robin, uniq_sigmund
D:5:      layout_basic, temple_pool_b, serial_shops, nicolae_shop_rolled_up,
          corexii_corridor_pit
D:6:      layout_rooms, nzn_hepliaklqana_mist_gate
D:7:      minmay_the_grid_triangle_9x9_rhombus_full
          [minmay_the_grid_triangle_9x9_alien,
          minmay_the_grid_triangle_9x9_negative_grid,
          minmay_the_grid_triangle_9x9_zippers_vertical,
          minmay_the_grid_triangle_9x9_steps,
          minmay_the_grid_triangle_9x9_empty,
          minmay_the_grid_triangle_9x9_sprig,
          minmay_the_grid_triangle_9x9_fully_insulated_deathbox,
          minmay_the_grid_triangle_9x9_prize_insulated], layout_loops_ring,
          uniq_crazy_yiuf_cottage
D:8:      layout_basic, grunt_lair_entry_orc_guard_hut
D:9:      layout_rooms, nicolae_overflow_quartered_altars,
          mainiacjoe_overflow_tiny_flanked
D:10:     layout_gridville
D:11:     minmay_ornate_pinched, layout_basic, bh_walls_and_bars, uniq_erica
D:12:     layout_cave_pools, minmay_orc_entry_temple_small, enter_trove_1,
          nicolae_houndstooth_variations, uniq_gastronok, uniq_lodul
Lair:1:   layout_cave_pods, uniq_maggie
Orc:1:    layout_caves, serial_shops, nicolae_lakefront_shop, enter_volcano_2,
          mines1_david
Orc:2:    st_orc_ogre_mass, layout_caves
Elf:1:    nicolae_elf_arrival_no_cutting_in_line, layout_loops_corners,
          minmay_elf_sorcery, uniq_frances, uniq_louise
Abyss:2:  base: Crypt:3, evilmike_abyss_exit_10

Skill      XL: |  1  2  3  4  5  6  7  8  9 10 11 12 13 14 |
---------------+-------------------------------------------+-----
Axes           | 3 4 5 6 7 9 10 12 13 14 15 | 15.3
Dodging        | 2 3 5 6 7 |  7.6
Armour         | 2 3 4 6 7 8 9 10 | 10.6
Fighting       | 4 5 7 8 9 10 11 12 | 12.1
Stealth        | 1 2 3 5 6 |  6.1
Shields        | 2 |  2.9

Action                     |  1- 3 |  4- 6 |  7- 9 | 10-12 | 13-15 || total
---------------------------+-------+-------+-------+-------+-------++-------
  Melee: Hand axe          |    80 |    54 |   260 |   386 |   206 ||   986
         Punch             |     3 |       |     5 |     7 |     1 ||    16
         Touch             |       |       |    11 |    84 |    36 ||   131
         Executioner's axe |       |       |       |       |   121 ||   121
 Invoke: Berserk           |     1 |     1 |     3 |    11 |     6 ||    22
         Brothers in Arms  |       |       |       |     2 |     1 ||     3
    Use: Potion            |       |     1 |       |     5 |       ||     6
         Scroll            |       |       |       |     5 |       ||     5
   Stab: Sleeping          |       |       |       |     7 |     3 ||    10
         Petrifying        |       |       |       |     2 |       ||     2
         Petrified         |       |       |       |     1 |       ||     1
 Armour: Chain mail        |    69 |    45 |   163 |       |       ||   277
         Scale mail        |       |       |    55 |   333 |   234 ||   622
  Dodge: Dodged            |    34 |    28 |   124 |   206 |   136 ||   528
  Block: Other             |       |       |       |       |    60 ||    60

Table legend: (Time is in decaauts)
 A = Elapsed time spent in this place.
 B = Non-inter-level travel time spent in this place.
 C = Inter-level travel time spent in this place.
 D = Time resting spent in this place.
 E = Time spent auto-exploring this place.
 F = Levels seen in this place.
 G = Mean time per level.
                   A        B        C        D        E       F      G
               +--------+--------+--------+--------+--------+-----+--------+
         Total |  13134 |  12422 |    712 |      0 |   9408 |  18 |  729.7 |
       Dungeon |  10027 |   9581 |    446 |      0 |   7439 |  12 |  835.6 |
          Lair |   1247 |   1097 |    150 |      0 |    862 |   1 | 1247.0 |
  Orcish Mines |   1206 |   1090 |    116 |      0 |    784 |   2 |  603.0 |
   Elven Halls |     99 |     99 |      0 |      0 |     18 |   1 |   99.0 |
         Abyss |    311 |    311 |      0 |      0 |    122 |   1 |  311.0 |
       Volcano |    242 |    242 |      0 |      0 |    183 |   1 |  242.0 |
               +--------+--------+--------+--------+--------+-----+--------+

Top non-repeatable levels by time:
     D:7: 1872 daAuts
  Lair:1: 1247 daAuts
    D:11: 1071 daAuts
    D:12: 951 daAuts
     D:2: 905 daAuts
     D:5: 881 daAuts
     D:3: 750 daAuts
   Orc:2: 723 daAuts
     D:4: 656 daAuts
     D:6: 648 daAuts
    D:10: 596 daAuts
     D:1: 584 daAuts
     D:8: 564 daAuts
     D:9: 544 daAuts
   Orc:1: 483 daAuts
